 Dungeon Crawl Stone Soup version 0.22-a0-533-g4d20840 (webtiles) character file.

5 inc the Scratcher (level 1, 0/10 HPs)
             Began as a Felid Chaos Knight on June 22, 2018.
             Slain by a jackal (3 damage)
             ... on level 1 of the Dungeon.
             The game lasted 00:00:14 (85 turns).

inc the Scratcher (Felid Chaos Knight)                Turns: 85, Time: 00:00:15

Health: 0/10       AC:  1    Str:  8    XL:     1   Next: 66%
Magic:  2/2        EV: 18    Int: 13    God:    Xom [..*...]
Gold:   15         SH:  0    Dex: 15    Spells: 0/0 levels left
                                        Lives:  0   Deaths: 0

rFire    . . .     SeeInvis +     - Unarmed
rCold    . . .     Gourm    .   (shield unavailable)
rNeg     . . .     Faith    .   (armour unavailable)
rPois    .         Spirit   .   (helmet unavailable)
rElec    .         Reflect  .   (cloak unavailable)
rCorr    .         Harm     .   (gloves unavailable)
MR       .....                  (boots unavailable)
Stlth    ++........             (no amulet)
HPRegen  0.03/turn              (no ring)
MPRegen  0.08/turn              (no ring)

@: quick
A: very small, no armour, no weapons or thrown items, stealth, claws 1, fangs 3,
see invisible, carnivore, speed 1, shaggy fur 1, slow metabolism 1, sharp paws
a: Renounce Religion


You were on level 1 of the Dungeon.
You worshipped Xom.
You were a toy of Xom.
You were not hungry.

You visited 1 branch of the dungeon, and saw 1 of its levels.

You collected 15 gold pieces.

Inventory:

Potions
 b - a potion of flight {unknown}
Comestibles
 a - a ration


   Skills:
 - Level 3.0 Fighting
 - Level 3.2 Dodging
 + Level 3.4 Unarmed Combat


You couldn't memorise any spells.
You didn't know any spells.
Your spell library was empty.

Dungeon Overview and Level Annotations

Branches:
Dungeon (1/15)

Altars:


Innate Abilities, Weirdness & Mutations

You cannot wear armour.
You are incapable of wielding weapons or throwing items.
Your paws allow you to move quietly. (Stealth)
You have sharp claws.
You have razor-sharp teeth.
You have supernaturally acute eyesight. (SInv)
You are carnivorous and can eat meat at any time.
You cover ground quickly.
You are covered in fur. (AC +1)
You have a slow metabolism.
Your sharp claws are effective at attacking unaware monsters.


Message History

You scratch the jackal.
You kill the jackal!
The jackal closely misses you. The kobold barely misses you.
The jackal completely misses you.
You closely miss the jackal. The jackal bites you.
The kobold completely misses you.
You scratch the jackal.
The jackal is severely wounded.
The jackal bites you. The kobold hits you.
* * * LOW HITPOINT WARNING * * *
You are too injured to fight recklessly!
You are too injured to fight recklessly!
You are too injured to fight recklessly!
You are too injured to fight recklessly!
You are too injured to fight recklessly!
You are too injured to fight recklessly!
You miss the jackal.
The jackal is severely wounded.
The jackal bites you.
You die...

.#
#.######.#
#.# .. ...
#.# #.# ##
### #.# #.#
.. #!#
#.#####.#
.......(###
...##.....#
#.....#
#..@..#
#.†hK.#
#.....#
.......#
##......#
#......#
##.....#
#.#####


You could see a jackal and a kobold.

Vanquished Creatures
  A hobgoblin (D:1)
  A jackal (D:1)
  A frilled lizard (D:1)
  A goblin (D:1)
  2 kobolds (D:1)
6 creatures vanquished.

Notes
Turn   | Place    | Note
-------+----------+-------------------------------------------
     0 | D:1      | inc the Felid Chaos Knight began the quest for the Orb.
     0 | D:1      | Reached XP level 1. HP: 10/10 MP: 2/2
    85 | D:1      | Slain by a jackal

Vault maps used:
D:1:      saegor_arrival_simple_c, serial_corexii_hall, corexii_hall_statues_x,
          corexii_hall_statues_i, serial_bayou_pond_a

Action                   || total
-------------------------++-------
Melee: Unarmed           ||    17
 Stab: Sleeping          ||     1
Dodge: Dodged            ||    19

Table legend:
 A = Spawn XP
 B = Non-spawn XP
 C = Spawn XP percentage of total XP
 D = Spawn monster count
 E = Non-spawn monster count
 F = Spawn count percentage of total count
 G = Total turns spent on level
                    A         B        C        D         E        F      G
               +---------+---------+-------+---------+---------+-------+---------
         Total |       0 |       8 |   0.0 |       0 |       6 |   0.0 |    85
               +---------+---------+-------+---------+---------+-------+---------
           D:1 |       0 |       8 |   0.0 |       0 |       6 |   0.0 |    85
               +---------+---------+-------+---------+---------+-------+---------
